TOP OF THE 1ST |
Amarillo Archdukes batting - Pitching for Tuscaloosa Trout Slayers : RHP Chris Chamberlain
|
Pitching: RHP Chris Chamberlain
|
|
Batting: SHB Álex Hernández
|
0-0: Ball 1-0: Swinging Strike 1-1: Foul Ball, location: 2F 1-2: Foul Ball, location: 2F 1-2: Ball 2-2: Ball 3-2: Base on Balls
|
Batting: RHB Norm Francis
|
0-0: Hit by Pitch Álex Hernández to second
|
Batting: LHB Michael Cook
|
0-0: Ball 1-0: Called Strike 1-1: Called Strike 1-2: Fly out, F7 (Flyball, 7D)
|
Batting: RHB Esteban Lara
|
0-0: Ball 1-0: Ball 2-0: Called Strike 2-1: Ball 3-1: Called Strike 3-2: Fly out, F9 (Flyball, 9D) Runner from 2nd tags up, SAFE at 3rd, no throw
|
Batting: LHB José Martínez
|
0-0: Ball 1-0: Swinging Strike 1-1: Ball 2-1: Foul Ball, location: 2F 2-2: Ball 3-2: Foul Ball, location: 2F 3-2: Fly out, F9 (Line Drive, 9S)
|
Top of the 1st over - 0 run(s), 0 hit(s), 0 error(s), 2 left on base; Amarillo 0 - Tuscaloosa 0 |
BOTTOM OF THE 1ST |
Tuscaloosa Trout Slayers batting - Pitching for Amarillo Archdukes : RHP Raymond Gregg
|
Pitching: RHP Raymond Gregg
|
|
Batting: RHB José Ortega
|
0-0: Called Strike 0-1: Called Strike 0-2: Foul Ball, location: 2F 0-2: Ground out 1-3 (Groundball, 13)
|
Batting: RHB Jason Erickson
|
0-0: Fly out, F7 (Flyball, 7D)
|
Batting: RHB Lynn Ford
|
0-0: Swinging Strike 0-1: SINGLE (Line Drive, 6MD)
|
Batting: RHB Kurt Walter
|
0-0: Called Strike 0-1: Foul Ball, location: 2F 0-2: Strikes out swinging
|
Bottom of the 1st over - 0 run(s), 1 hit(s), 0 error(s), 1 left on base; Amarillo 0 - Tuscaloosa 0 |
TOP OF THE 2ND |
Amarillo Archdukes batting - Pitching for Tuscaloosa Trout Slayers : RHP Chris Chamberlain
|
Batting: RHB Michael Thomas
|
0-0: Called Strike 0-1: Ball 1-1: Swinging Strike 1-2: Ball 2-2: Foul Ball, location: 2F 2-2: Strikes out looking
|
Batting: RHB Rich Henley
|
0-0: Called Strike 0-1: Hit by Pitch
|
Batting: LHB Edwin Ryan
|
0-0: Called Strike 0-1: Foul Ball, location: 2F 0-2: Foul Ball, location: 2F 0-2: Ball 1-2: Foul Ball, location: 2F 1-2: Foul Ball, location: 2F 1-2: Strikes out swinging
|
Batting: LHB John Frost
|
0-0: Called Strike Rich Henley is caught stealing 2nd base
|
Top of the 2nd over - 0 run(s), 0 hit(s), 0 error(s), 0 left on base; Amarillo 0 - Tuscaloosa 0 |
BOTTOM OF THE 2ND |
Tuscaloosa Trout Slayers batting - Pitching for Amarillo Archdukes : RHP Raymond Gregg
|
Batting: LHB Ed Hart
|
0-0: Ball 1-0: Ball 2-0: Foul Ball, location: 2F 2-1: Foul Ball, location: 2F 2-2: Ball 3-2: SINGLE (Groundball, 6MD)
|
Batting: RHB Jason Saunders
|
0-0: Ball 1-0: Fly out, F2 (Popup, 15S)
|
Batting: RHB Shigemasa Ishida
|
0-0: Grounds into double play, 6-4-3 (Groundball, 6)
|
Bottom of the 2nd over - 0 run(s), 1 hit(s), 0 error(s), 0 left on base; Amarillo 0 - Tuscaloosa 0 |
TOP OF THE 3RD |
Amarillo Archdukes batting - Pitching for Tuscaloosa Trout Slayers : RHP Chris Chamberlain
|
Batting: LHB John Frost
|
0-0: Bunt - Flyout! F1
|
Batting: SHB Álex Hernández
|
0-0: Called Strike 0-1: Foul Ball, location: 2F 0-2: Ball 1-2: Ball 2-2: Foul Ball, location: 2F 2-2: Fly out, F6 (Popup, 6D)
|
Batting: RHB Norm Francis
|
0-0: Called Strike 0-1: Ball 1-1: Fly out, F2 (Popup, 25)
|
Top of the 3rd over - 0 run(s), 0 hit(s), 0 error(s), 0 left on base; Amarillo 0 - Tuscaloosa 0 |
BOTTOM OF THE 3RD |
Tuscaloosa Trout Slayers batting - Pitching for Amarillo Archdukes : RHP Raymond Gregg
|
Batting: RHB Juan Reyes
|
0-0: Ball 1-0: Swinging Strike 1-1: Swinging Strike 1-2: Strikes out looking
|
Batting: RHB José Fernández
|
0-0: Called Strike 0-1: Ball 1-1: Foul Ball, location: 2F 1-2: Ball 2-2: Foul Ball, location: 2F 2-2: Foul Ball, location: 2F 2-2: Ground out 5-3 (Groundball, 56)
|
Batting: RHB José Ortega
|
0-0: Ball 1-0: Fly out, F6 (Popup, 56)
|
Bottom of the 3rd over - 0 run(s), 0 hit(s), 0 error(s), 0 left on base; Amarillo 0 - Tuscaloosa 0 |
TOP OF THE 4TH |
Amarillo Archdukes batting - Pitching for Tuscaloosa Trout Slayers : RHP Chris Chamberlain
|
Batting: LHB Michael Cook
|
0-0: Called Strike 0-1: Ball 1-1: Ground out 5-3 (Groundball, 56)
|
Batting: RHB Esteban Lara
|
0-0: Ball 1-0: Swinging Strike 1-1: Foul Ball, location: 2F 1-2: Ball 2-2: Strikes out swinging
|
Batting: LHB José Martínez
|
0-0: Swinging Strike 0-1: Called Strike 0-2: Ball 1-2: Strikes out swinging
|
Top of the 4th over - 0 run(s), 0 hit(s), 0 error(s), 0 left on base; Amarillo 0 - Tuscaloosa 0 |
BOTTOM OF THE 4TH |
Tuscaloosa Trout Slayers batting - Pitching for Amarillo Archdukes : RHP Raymond Gregg
|
Batting: RHB Jason Erickson
|
0-0: Ball 1-0: Called Strike 1-1: Ground out 6-3 (Groundball, 56)
|
Batting: RHB Lynn Ford
|
0-0: Called Strike 0-1: Ball 1-1: Foul Ball, location: 2F 1-2: Strikes out swinging
|
Batting: RHB Kurt Walter
|
0-0: Swinging Strike 0-1: Swinging Strike 0-2: Foul Ball, location: 2F 0-2: Foul Ball, location: 2F 0-2: Foul Ball, location: 2F 0-2: Ball 1-2: Strikes out swinging
|
Bottom of the 4th over - 0 run(s), 0 hit(s), 0 error(s), 0 left on base; Amarillo 0 - Tuscaloosa 0 |
TOP OF THE 5TH |
Amarillo Archdukes batting - Pitching for Tuscaloosa Trout Slayers : RHP Chris Chamberlain
|
Batting: RHB Michael Thomas
|
0-0: Fly out, F7 (Flyball, 7D)
|
Batting: RHB Rich Henley
|
0-0: Fly out, F9 (Flyball, 9LS)
|
Batting: LHB Edwin Ryan
|
0-0: Ball 1-0: Called Strike 1-1: Ball 2-1: Ball 3-1: Swinging Strike 3-2: Foul Ball, location: 2F 3-2: Base on Balls
|
Batting: LHB John Frost
|
0-0: Ball 1-0: Called Strike 1-1: Foul Ball, location: 2F 1-2: Strikes out swinging
|
Top of the 5th over - 0 run(s), 0 hit(s), 0 error(s), 1 left on base; Amarillo 0 - Tuscaloosa 0 |
BOTTOM OF THE 5TH |
Tuscaloosa Trout Slayers batting - Pitching for Amarillo Archdukes : RHP Raymond Gregg
|
Batting: LHB Ed Hart
|
0-0: Foul Ball, location: 2F 0-1: Swinging Strike 0-2: Ball 1-2: Ground out 6-3 (Groundball, 6)
|
Batting: RHB Jason Saunders
|
0-0: Foul Ball, location: 2F 0-1: Ball 1-1: Ball 2-1: Ball 3-1: Called Strike 3-2: Base on Balls
|
Batting: RHB Shigemasa Ishida
|
0-0: Ball 1-0: Foul Ball, location: 2F 1-1: Foul Ball, location: 2F 1-2: Ball 2-2: Strikes out swinging
|
Batting: RHB Juan Reyes
|
0-0: Called Strike Jason Saunders steals 2nd base Pickoff Throw to Second - Error! E1 Jason Saunders to third 0-1: Ball 1-1: Ground out 6-3 (Groundball, 6)
|
Bottom of the 5th over - 0 run(s), 0 hit(s), 1 error(s), 1 left on base; Amarillo 0 - Tuscaloosa 0 |
TOP OF THE 6TH |
Amarillo Archdukes batting - Pitching for Tuscaloosa Trout Slayers : RHP Chris Chamberlain
|
Batting: SHB Álex Hernández
|
0-0: Called Strike 0-1: Ball 1-1: Foul Ball, location: 2F 1-2: Ball 2-2: SINGLE (Groundball, 56S) (infield hit)
|
Pitching: LHP Luis López
|
|
Batting: RHB Norm Francis
|
0-0: Ball Álex Hernández is caught stealing 2nd base 1-0: Foul Ball, location: 2F 1-1: SINGLE (Line Drive, 56D)
|
Batting: LHB Michael Cook
|
0-0: Called Strike Norm Francis steals 2nd base 0-1: Foul Ball, location: 2F 0-2: Foul Ball, location: 2F 0-2: Strikes out looking
|
Batting: RHB Esteban Lara
|
0-0: Ball 1-0: Called Strike 1-1: DOUBLE (Line Drive, 78XD) Norm Francis scores
|
Batting: LHB José Martínez
|
0-0: Foul Ball, location: 2F 0-1: Swinging Strike 0-2: Ball 1-2: Foul Ball, location: 2F 1-2: Strikes out swinging
|
Top of the 6th over - 1 run(s), 3 hit(s), 0 error(s), 1 left on base; Amarillo 1 - Tuscaloosa 0 |
BOTTOM OF THE 6TH |
Tuscaloosa Trout Slayers batting - Pitching for Amarillo Archdukes : RHP Raymond Gregg
|
Batting: RHB José Fernández
|
0-0: Ball 1-0: Swinging Strike 1-1: SINGLE (Flyball, 9LS)
|
Batting: RHB José Ortega
|
0-0: Ball 1-0: Foul Ball, location: 2F 1-1: Ground out 5-3 (Groundball, 5S) José Fernández to second
|
Batting: RHB Jason Erickson
|
0-0: Ball 1-0: Ball 2-0: Foul Ball, location: 2F 2-1: Ball 3-1: Base on Balls
|
Batting: RHB Lynn Ford
|
0-0: Called Strike 0-1: Ball 1-1: Ball 2-1: Swinging Strike 2-2: Ball 3-2: Foul Ball, location: 2F 3-2: Strikes out swinging
|
Batting: RHB Kurt Walter
|
0-0: Ball 1-0: Called Strike 1-1: Swinging Strike 1-2: Ball 2-2: Strikes out swinging
|
Bottom of the 6th over - 0 run(s), 1 hit(s), 0 error(s), 2 left on base; Amarillo 1 - Tuscaloosa 0 |
TOP OF THE 7TH |
Amarillo Archdukes batting - Pitching for Tuscaloosa Trout Slayers : LHP Luis López
|
Batting: RHB Michael Thomas
|
0-0: Foul Ball, location: 2F 0-1: Called Strike 0-2: DOUBLE (Flyball, 78D)
|
Batting: RHB Rich Henley
|
0-0: Fly out, F8 (Flyball, 8RM)
|
Pitching: RHP Rafael Ramírez
|
|
Batting: LHB Edwin Ryan
|
0-0: Foul Ball, location: 2F 0-1: Ball 1-1: Swinging Strike 1-2: Foul Ball, location: 2F 1-2: Strikes out swinging
|
Batting: LHB John Frost
|
0-0: Foul Ball, location: 2F 0-1: Called Strike 0-2: Ball 1-2: Ball 2-2: Ball 3-2: Foul Ball, location: 2F 3-2: SINGLE (Groundball, 6D) Michael Thomas to third Michael Thomas scores
|
Batting: SHB Álex Hernández
|
0-0: Ball 1-0: Called Strike John Frost steals 2nd base 1-1: Foul Ball, location: 2F 1-2: Ball 2-2: Strikes out swinging
|
Top of the 7th over - 1 run(s), 2 hit(s), 0 error(s), 1 left on base; Amarillo 2 - Tuscaloosa 0 |
BOTTOM OF THE 7TH |
Tuscaloosa Trout Slayers batting - Pitching for Amarillo Archdukes : RHP Raymond Gregg
|
Batting: LHB Ed Hart
|
0-0: Called Strike 0-1: DOUBLE (Line Drive, 9D)
|
Batting: RHB Jason Saunders
|
0-0: Ball 1-0: Foul Ball, location: 2F 1-1: Ball 2-1: DOUBLE (Line Drive, 7LM) Ed Hart scores
|
Pinch Hitting: LHB Miguel Rosa
|
0-0: Called Strike 0-1: Called Strike 0-2: Foul Ball, location: 2F 0-2: Ball 1-2: Ball 2-2: Strikes out swinging
|
Batting: RHB Juan Reyes
|
0-0: Called Strike 0-1: Foul Ball, location: 2F 0-2: Ball 1-2: Strikes out swinging
|
Pitching: RHP José Abacil
|
|
Batting: RHB José Fernández
|
0-0: Called Strike 0-1: Ball 1-1: Ball 2-1: SINGLE (Line Drive, 7LM) Jason Saunders to third
|
Batting: RHB José Ortega
|
0-0: Ball 1-0: Foul Ball, location: 2F 1-1: Ground out 6-3 (Groundball, 6D)
|
Bottom of the 7th over - 1 run(s), 3 hit(s), 0 error(s), 2 left on base; Amarillo 2 - Tuscaloosa 1 |
TOP OF THE 8TH |
Amarillo Archdukes batting - Pitching for Tuscaloosa Trout Slayers : RHP Rafael Ramírez
|
Now at 3B: Tucker Thomas
|
|
Batting: RHB Norm Francis
|
0-0: Ball 1-0: Foul Ball, location: 2F 1-1: Ball 2-1: Swinging Strike 2-2: Fly out, F7 (Flyball, 7S)
|
Batting: LHB Michael Cook
|
0-0: SINGLE (Line Drive, 34D)
|
Batting: RHB Esteban Lara
|
0-0: Called Strike 0-1: Foul Ball, location: 2F 0-2: Ball 1-2: Foul Ball, location: 2F 1-2: Hit by Pitch Michael Cook to second
|
Batting: LHB José Martínez
|
0-0: Ball 1-0: Called Strike 1-1: Ball 2-1: Ball 3-1: Fielders Choice at 2nd, 3-6 (Groundball, 34) Michael Cook to third
|
Batting: RHB Michael Thomas
|
0-0: Ball 1-0: Ball 2-0: Ball 3-0: Called Strike 3-1: Swinging Strike 3-2: Strikes out swinging
|
Top of the 8th over - 0 run(s), 1 hit(s), 0 error(s), 2 left on base; Amarillo 2 - Tuscaloosa 1 |
BOTTOM OF THE 8TH |
Tuscaloosa Trout Slayers batting - Pitching for Amarillo Archdukes : RHP José Abacil
|
Batting: RHB Jason Erickson
|
0-0: Ball 1-0: Ball 2-0: Called Strike 2-1: Foul Ball, location: 2F 2-2: Ground out 6-3 (Groundball, 6)
|
Batting: RHB Lynn Ford
|
0-0: Ground out 5-3 (Groundball, 56)
|
Batting: RHB Kurt Walter
|
0-0: Fly out, F6 (Popup, 6MD)
|
Bottom of the 8th over - 0 run(s), 0 hit(s), 0 error(s), 0 left on base; Amarillo 2 - Tuscaloosa 1 |
TOP OF THE 9TH |
Amarillo Archdukes batting - Pitching for Tuscaloosa Trout Slayers : RHP Rafael Ramírez
|
Batting: RHB Rich Henley
|
0-0: Ball 1-0: Fly out, F3 (Popup, 3S)
|
Batting: LHB Edwin Ryan
|
0-0: Called Strike 0-1: Foul Ball, location: 2F 0-2: Strikes out swinging
|
Batting: LHB John Frost
|
0-0: Foul Ball, location: 2F 0-1: Ball 1-1: Ball 2-1: Ball 3-1: SINGLE (Line Drive, 89S)
|
Batting: SHB Álex Hernández
|
0-0: Ball 1-0: SINGLE (Line Drive, 6MD) John Frost to second
|
Batting: RHB Norm Francis
|
0-0: Called Strike 0-1: Ground out 5-3 (Groundball, 5S)
|
Top of the 9th over - 0 run(s), 2 hit(s), 0 error(s), 2 left on base; Amarillo 2 - Tuscaloosa 1 |
BOTTOM OF THE 9TH |
Tuscaloosa Trout Slayers batting - Pitching for Amarillo Archdukes : RHP José Abacil
|
Pitching: RHP Brian Hull
|
|
Batting: LHB Ed Hart
|
0-0: Foul Ball, location: 2F 0-1: Ball 1-1: Ball 2-1: Swinging Strike 2-2: Ball 3-2: Strikes out swinging
|
Batting: RHB Jason Saunders
|
0-0: Ground out 5-3 (Groundball, 5)
|
Pinch Hitting: RHB Satoru Daikawa
|
0-0: Called Strike 0-1: Ball 1-1: Ball 2-1: Swinging Strike 2-2: Ground out 6-3 (Groundball, 6S)
|
Bottom of the 9th over - 0 run(s), 0 hit(s), 0 error(s), 0 left on base; Amarillo 2 - Tuscaloosa 1 |
|